 Dungeon Crawl Stone Soup version 0.31-a0-234-gad7ace16ef (webtiles) character file.

Game seed: 5467741508294489954

380472 qw the Slayer (level 22, -19/166 HPs)
             Began as a Gargoyle Hexslinger on July 9, 2023.
             Was a High Priest of Okawaru.
             Demolished by a reaper
             ... wielding a +3 scythe of protection
              (30 damage)
             ... on level 3 of the Depths.
             The game lasted 00:27:08 (37352 turns).

qw the Slayer (Gargoyle Hexslinger)                Turns: 37352, Time: 00:27:09

Health: -19/166    AC: 38    Str: 11    XL:     22   Next: 87%
Magic:  10/29      EV: 38    Int: 19    God:    Okawaru [*****.]
Gold:   2531       SH:  0    Dex: 26    Spells: 22/23 levels left

rFire   + . .        w - +7 longbow "Roguet" {speed, Int+3}
rCold   + . .        (shield currently unavailable)
rNeg    + . .        t - +2 troll leather armour {Snorg}
rPois   inf          A - +2 hat {Will+}
rElec   +            e - +2 cloak {Will+}
rCorr   .            v - +0 pair of gloves of Veokumola {+Blink rElec rF+ Slay+3}
SInv    .            r - +3 pair of mountain boots {steadfast, rC+}
Will    +++..        n - amulet of faith
Stlth   +++          q - +6 ring of dexterity
HPRegen 1.27/turn    u - +5 ring of evasion
MPRegen 0.21/turn

%: faith
@: about to teleport, heroic, finesse-ful, marked, flying
A: sickness immunity, AC +16, big wings, negative energy resistance 1,
electricity resistance, torment resistance 1, petrification resistance, weak 1
}: 2/15 runes: serpentine, barnacled
a: Renounce Religion, Evoke Blink, Heroism, Finesse, Duel


You were on level 3 of the Depths.
You worshipped Okawaru.
Okawaru was extremely pleased with you.
You visited 8 branches of the dungeon, and saw 38 of its levels.

You collected 4086 gold pieces.
You spent 1555 gold pieces at shops.


Innate Abilities, Weirdness & Mutations

You are immune to sickness and miasma.
Your stone body is resilient. (AC +16)
You are immune to poison.
Your large and strong wings let you fly.
You resist negative energy. (rN+)
You are resistant to electric shocks. (rElec)
You are resistant to unholy torment.
You are immune to petrification.
You are weak. (Str -2)


   Skills:
 - Level 26.0(27) Fighting
 - Level 20.0(25.0) Ranged Weapons
 - Level 14.0(19.0) Armour
 + Level 18.0(23.0) Dodging
 - Level 1.0 Spellcasting
 - Level 2.6 Hexes
 - Level 10.0 Invocations


You had 22 spell levels left.
You knew the following spells:

 Your Spells              Type           Power      Damage    Failure   Level
a - Slow                  Hex            44%        N/A       7%          1

Your spell library contained the following spells:

 Spells                   Type           Power      Damage    Failure   Level
 Inner Flame              Hex/Fire       6%         N/A       36%         3
 Portal Projectile        Hex/Tloc       12%        N/A       36%         3
 Cause Fear               Hex            5%         N/A       56%         4

Inventory:

Hand Weapons
 w - the +7 longbow "Roguet" (weapon) {speed, Int+3}
   (Okawaru gifted it to you on level 3 of the Snake Pit)

   Int:       It affects your intelligence (+3).
Armour
 e - a +2 cloak of willpower (worn)
 i - a +2 leather armour of fire resistance
 r - the +3 pair of mountain boots (worn) {steadfast, rC+}
   (Okawaru gifted it to you on level 1 of the Lair of Beasts)

   Steadfast: It prevents involuntary movement, except for blinking,
   teleportation, or banishment.
   rC:        It protects you from cold.
 t - a +2 troll leather armour (worn) {Snorg}
 v - the +0 pair of gloves of Veokumola (worn) {+Blink rElec rF+ Slay+3}
   (You bought it in a shop on level 2 of the Orcish Mines)

   Slay:      It affects your accuracy & damage with ranged weapons and melee
   (+3).
   rF:        It protects you from fire.
   rElec:     It insulates you from electricity.
   +Blink:    It lets you blink.
 A - a +2 hat of willpower (worn)
Jewellery
 j - the ring "Venogoy" {rF+ rC+ Str+2 Stlth+}
   (You found it on level 5 of the Lair of Beasts)

   [ring of protection from fire]

   Str:       It affects your strength (+2).
   rF:        It protects you from fire.
   rC:        It protects you from cold.
   Stlth:     It makes you more stealthy.
 n - an amulet of faith (around neck)
 q - a +6 ring of dexterity (left hand)
 u - a +5 ring of evasion (right hand)
 y - an amulet of reflection
Wands
 a - a wand of digging (3)
Scrolls
 b - 9 scrolls of teleportation
 l - 14 scrolls of identify
 m - 3 scrolls of enchant armour
 x - 2 scrolls of enchant weapon
Potions
 c - 2 potions of magic
 d - 7 potions of haste
 f - 6 potions of cancellation
 g - 15 potions of curing
 h - 8 potions of enlightenment
 k - 8 potions of might
 o - 2 potions of resistance
 s - 9 potions of mutation

Dungeon Overview and Level Annotations

Branches:
Dungeon (15/15)            Temple (1/1) D:6            Lair (5/5) D:10
 Shoals (4/4) Lair:2        Snake (4/4) Lair:3        Slime (0/5) Lair:5
    Orc (2/2) D:10            Elf (0/3) Orc:2        Vaults (4/5) D:14
  Crypt (0/3) Vaults:3     Depths (3/4) D:15

Altars:
Ashenzari
Cheibriados
Dithmenos
Elyvilon
Fedhas
Gozag
Hepliaklqana
Kikubaaqudgha
Makhleb
Nemelex Xobeh
Okawaru
Qazlal
Ru
Sif Muna
Trog
Uskayaw
Vehumet
Wu Jian
Xom
Yredelemnul
Zin
The Shining One
Jiyva

Shops:
D:7 [   Orc:2 =([*(   Shoals:3 !   Shoals:4 *   Snake:3 (   Snake:4 **
Vaults:1 (   Depths:1 *

Portals:
Hell: Depths:1 Depths:2
Abyss: Depths:2
Pandemonium: Depths:2
Ziggurat: Depths:2

Annotations:
D:3 1 runed translucent door, Crazy Yiuf
D:10 exclusion: orc warrior
D:15 1 runed translucent door, qw's ghost, journeyman GrHs
Lair:1 2 transporters
Snake:3 2 transporters
Vaults:1 2 transporters, qw's ghost, adept MiHs
Depths:1 2 transporters, qw's ghost, adept DEHu


Message History

A sun demon comes into view.
The sphinx mumbles some strange words.
Something smites you! The quicksilver dragon bites you!
The quicksilver dragon claws you!
A titan comes into view.
A deep troll comes into view.
The reaper barely misses you.
The shadow dragon bites you but does no damage.
The shadow dragon completely misses you.
The shadow dragon misses you.
The rakshasa weaves an illusion.
The soul eater shimmers and seems to become two!
You shoot an arrow.
The arrow closely misses the shadow dragon.
The arrow hits the reaper!!!
The reaper is heavily wounded.
The hell hog completely misses you. The spriggan berserker misses you.
You shoot an arrow. The arrow hits the shadow dragon!!
The shadow dragon is almost dead.
The polar bear bites you but does no damage.
The polar bear completely misses you. x2
The quicksilver dragon completely misses you. x2
You shoot an arrow.
The arrow hits the shadow dragon but does no damage.
The shadow dragon is almost dead.
The spriggan berserker mumbles some strange prayers to Trog.
The iron troll completely misses you. x3
The cyan very ugly thing basks in the mutagenic energy from its kin and changes!
You shoot an arrow. The arrow hits the shadow dragon!!
You kill the shadow dragon!
Okawaru accepts your kill.
The hell hog bites you but does no damage.
The spriggan berserker misses you.
You shoot an arrow. The arrow hits the soul eater!!
The soul eater is heavily wounded.
The polar bear misses you.
The polar bear completely misses you. x2
The quicksilver dragon misses you. x2
A glowing orange brain comes into view.
The soul eater completely misses you.
The reaper hits you from afar with a +3 scythe of protection!!
You die...

##.T #..)% #}$%..
#([.3.. #####
##...T.C. ###($.##
##u.2....++#....%.#
##Du)u...#+......)..
#Hh@3uR.##......Y)..
#hTih..##.......L.Q.
#'hi3.## ....8...i..
...XD### ..........8
).....# ...........
..[....2i
........8.0
.).....3G
..........?
..8.8.8.8


You could see a tentacled monstrosity, a titan, a golden dragon, 3 very ugly
things, a quicksilver dragon, a sphinx, an iron troll, a reaper, a balrug, a
cyan ugly thing, a rakshasa, 3 soul eaters, 2 hell hogs, a glowing orange brain,
a deep troll, a sun demon, 3 spriggan berserkers, a deep troll earth mage and 2
polar bears.

Vanquished Creatures
  A dread lich (Depths:1)
  Mara (Depths:1)
  Frederick (Vaults:4)
  Vashnia (Snake:4)
  Nikola (Shoals:3)
  A tentacled monstrosity (Vaults:2)
  Rupert (Lair:4)
  A lich (Depths:2)
  A titan (Depths:1)
  Frances (Shoals:2)
  6 sphinxes
  4 tengu reavers
  2 shadow dragons
  Donald (Shoals:2)
  7 nagarajas
  3 fenstrider witches (Depths:1)
  A storm dragon (Vaults:2)
  2 fire giants
  5 frost giants
  Aizul (Snake:1)
  3 iron dragons
  2 deep elf sorcerers (Vaults:2)
  Louise (Depths:2)
  A balrug (Depths:2)
  3 orc warlords
  A caustic shrike zombie (D:15)
  9 vault wardens
  12 ironbound preservers
  5 stone giants
  2 formless jellyfish
  9 very ugly things
  4 war gargoyles
  8 ironbound thunderhulks
  A green draconian (Vaults:2)
  Nessos (Orc:2)
  10 vampire knights
  16 dire elephants
  3 spark wasps (Depths:1)
  A deep elf death mage (Vaults:2)
  4 ettins
  3 jiangshi (Depths:2)
  Snorg (D:12)
  A quicksilver dragon zombie (D:15)
  3 merfolk javelineers (Shoals:4)
  3 deep elf high priests
  5 yaktaur captains
  Harold (D:11)
  4 fire dragons
  A crystal guardian (Vaults:2)
  A spectral kraken (Shoals:2)
  8 merfolk impalers
  3 great orbs of eyes
  An entropy weaver (Vaults:2)
  A rakshasa (Depths:1)
  12 ironbound frosthearts
  2 merfolk avatars
  A spriggan air mage (Depths:3)
  4 peacekeepers
  4 salamander tyrants
  28 vault guards
  3 ice dragons
  5 hydras
  An ogre mage (D:15)
  A death knight (Vaults:3)
  Erolcha (D:11)
  3 ghost crabs (Shoals:2)
  A catoblepas (Lair:1)
  15 anacondas
  A satyr (Shoals:4)
  A boulder beetle (D:12)
  17 centaur warriors
  10 two-headed ogres
  4 merfolk aquamancers
  6 spriggan berserkers
  A hell hog (Depths:1)
  5 death yaks (Lair:4)
  13 tengu warriors
  4 deep troll shamans (Depths:1)
  An orc high priest (Orc:2)
  15 naga warriors
  2 deep troll earth magi (Depths:1)
  A vampire mage (Depths:2)
  2 soul eaters
  Nergalle (Lair:1)
  7 sun demons (Depths:1)
  16 naga sharpshooters
  6 shock serpents
  Sonja (Lair:5)
  6 skeletal warriors
  A shadow wraith (Depths:3)
  12 iron trolls
  5 skysharks
  A spriggan druid (Depths:1)
  10 salamander mystics
  A spectral anaconda (Lair:5)
  9 sea snakes
  2 flayed ghosts
  A glowing orange brain (Depths:3)
  16 ironbound convokers
  10 wizards
  8 naga ritualists
  14 lindwurms
  An obsidian statue (Lair:5)
  Pikel (D:6)
  A harpy (shapeshifter) (D:14)
  6 orc knights
  22 deep trolls
  5 phantasmal warriors
  A shadow dragon zombie (D:15)
  18 harpies
  5 necromancers
  2 shining eyes (Depths:1)
  A sphinx zombie (D:15)
  11 mana vipers
  3 oklob plants (Lair:5)
  11 cyclopes
  6 orc sorcerers
  21 ugly things
  14 manticores
  19 fauns
  Joseph (D:9)
  21 elephants
  24 salamanders
  17 naga magi
  7 merfolk sirens
  6 water nymphs
  Maurice (D:11)
  5 guardian serpents
  36 black mambas
  2 eyes of devastation (Depths:1)
  2 gargoyles (D:11)
  10 cane toads
  14 vault sentinels
  A dire elephant skeleton (Lair:5)
  A hellion (Depths:1)
  12 komodo dragons
  4 kobold demonologists
  5 spectral merfolk (Shoals:2)
  2 spectral sea snakes (Shoals:2)
  2 unseen horrors (D:12)
  3 tengu conjurers
  2 rime drakes
  3 freezing wraiths
  A guardian mummy (D:15)
  7 trolls
  24 yaktaurs
  Grinder (D:3)
  3 polar bears
  22 merfolk
  A hornet (D:10)
  7 wind drakes
  3 meliai (D:13)
  13 blink frogs
  A spectral elephant (Lair:5)
  3 spectral manticores (Shoals:2)
  7 snapping turtles
  21 slime creatures
  9 dream sheep
  A centaur simulacrum (D:12)
  12 water elementals
  4 wyverns
  3 shadows
  2 vampires
  7 wraiths
  6 basilisks
  37 yaks
  A steam dragon (D:10)
  A chaos spawn (Depths:2)
  3 death yak simulacra (Lair:5)
  5 vampire mosquitoes (D:12)
  5 wargs
  53 nagas
  Edmund (D:4)
  A spectral cane toad (Lair:5)
  3 spectral snapping turtles (Shoals:2)
  4 acid dragons
  11 water moccasins
  3 floating eyes
  5 large abominations (D:15)
  2 sky beasts
  7 small abominations (D:15)
  41 orc warriors
  5 black bears
  An elephant zombie (Lair:5)
  3 ice beasts
  19 wolves
  20 centaurs
  13 ogres
  An elephant skeleton (Lair:5)
  A phantom (D:5)
  5 kobold brigands
  Blork the orc (D:4)
  15 bullfrogs
  A gnoll sergeant (D:12)
  5 scorpions
  2 cane toad simulacra (Lair:5)
  6 wights
  2 elephant simulacra (Lair:5)
  6 electric eels
  8 howler monkeys
  4 jellies
  25 orc priests
  2 gnoll boudas
  6 hounds
  Jessica (D:2)
  A sleepcap (D:5)
  Ijyb (D:4)
  24 orc wizards
  Natasha (thrice) (D:2)
  7 iguanas
  5 hell rats (Lair:3)
  14 gnolls
  7 adders
  2 shadow imps (D:7)
  A white imp (D:6)
  A worm (D:2)
  5 dart slugs
  79 orcs
  7 ball pythons
  3 bats
  5 endoplasms
  5 giant cockroaches
  9 goblins
  13 hobgoblins
  26 kobolds
  6 quokkas
  2 frilled lizards (D:2)
  3 rats
  A tentacle (Shoals:2)
1517 creatures vanquished.

Vanquished Creatures (others)
  A frost giant (Depths:2)
  An orc wizard (Orc:2)
  6 tentacles (Shoals:2)
8 creatures vanquished.

Grand Total: 1525 creatures vanquished

Notes
Turn   | Place    | Note
-------+----------+-------------------------------------------
     0 | D:1      | qw the Gargoyle Hexslinger began the quest for the Orb.
     0 | D:1      | Reached XP level 1. HP: 12/12 MP: 2/2
     0 | D:1      | 0 ||| qw: Version: 0.3-a-51-g015441d
     0 | D:1      | 0 ||| qw: Game counter: 4042
     0 | D:1      | 0 ||| qw: Melee chars always use a shield: true
     0 | D:1      | 0 ||| qw: God list: Okawaru
     0 | D:1      | 0 ||| qw: Allow faded altars: false
     0 | D:1      | 0 ||| qw: Do Orc after clearing Dungeon:15 true
     0 | D:1      | 0 ||| qw: Do second Lair branch before Depths: true
     0 | D:1      | 0 ||| qw: Lair rune preference: random
     0 | D:1      | 0 ||| qw: Goals: Normal
     0 | D:1      | 0 ||| PLANNING D:1-11
   129 | D:1      | Reached XP level 2. HP: 11/16 MP: 3/3
   814 | D:1      | 814 ||| UPGRADING to +0 leather armour.
   824 | D:1      | 824 ||| DROPPING +0 robe.
   825 | D:1      | 825 ||| READING scroll labelled ZOZXOT WATWEAST.
   826 | D:1      | 826 ||| READING 2 scrolls labelled TAXZIUNLUA.
   827 | D:1      | 827 ||| READING scroll labelled HILYVIL ZUUPP.
   828 | D:1      | 828 ||| READING scroll labelled HEWUNA OTUI.
   829 | D:1      | 829 ||| READING scroll labelled HINIOQ NIMM.
   830 | D:1      | 830 ||| READING scroll labelled WORIAR ICOISTOH.
   831 | D:1      | 831 ||| DRINKING 2 white potions.
   832 | D:1      | 832 ||| DROPPING scroll of poison.
   833 | D:1      | 833 ||| DROPPING scroll of fear.
   880 | D:2      | 880 ||| STAIRDANCE
   890 | D:1      | Reached skill level 3 in Ranged Weapons
   910 | D:2      | Reached XP level 3. HP: 20/20 MP: 4/4
  1047 | D:2      | Noticed Natasha
  1054 | D:2      | Killed Natasha
  1055 | D:2      | Reached skill level 2 in Fighting
  1055 | D:2      | Reached XP level 4. HP: 17/27 MP: 5/5
  1153 | D:2      | Noticed Natasha
  1158 | D:2      | Killed Natasha
  1375 | D:2      | Noticed Jessica
  1379 | D:2      | Killed Jessica
  1380 | D:2      | Reached XP level 5. HP: 32/32 MP: 6/6
  1580 | D:2      | Noticed Natasha
  1594 | D:2      | Killed Natasha
  1668 | D:2      | 1668 ||| FLEEEEING.
  1669 | D:2      | 1669 ||| FLEEEEING.
  1670 | D:2      | 1670 ||| FLEEEEING.
  1677 | D:2      | 1677 ||| FLEEEEING.
  1678 | D:2      | 1678 ||| FLEEEEING.
  1679 | D:2      | 1679 ||| FLEEEEING.
  1680 | D:2      | 1680 ||| FLEEEEING.
  2025 | D:2      | 2025 ||| UPGRADING to +0 ring mail.
  2035 | D:2      | 2035 ||| DROPPING +0 leather armour.
  2036 | D:2      | 2036 ||| UPGRADING to +4 ring of slaying {mikee}.
  2037 | D:2      | 2037 ||| READING 2 scrolls labelled XIEMNI BUCWIUM.
  2038 | D:2      | 2038 ||| READING scroll labelled VEIWIS WOJICU.
  2039 | D:2      | 2039 ||| READING scroll labelled TUOH UGUWABA.
  2040 | D:2      | 2040 ||| READING 2 scrolls of identify.
  2040 | D:2      | 2040 ||| IDENTIFYING bubbling yellow potion
  2041 | D:2      | 2041 ||| DROPPING potion of attraction.
  2042 | D:2      | 2042 ||| DROPPING scroll of noise.
  2070 | D:3      | 2070 ||| STAIRDANCE
  2073 | D:2      | Reached skill level 1 in Armour
  2130 | D:3      | 2130 ||| STAIRDANCE
  2296 | D:3      | Reached skill level 3 in Fighting
  2296 | D:3      | Noticed Grinder
  2309 | D:3      | Killed Grinder
  2310 | D:3      | Reached skill level 6 in Ranged Weapons
  2310 | D:3      | Reached XP level 6. HP: 22/37 MP: 7/7
  2315 | D:3      | 2315 ||| FLEEEEING.
  2316 | D:3      | 2316 ||| FLEEEEING.
  2417 | D:3      | Noticed an ice beast
  2424 | D:3      | Killed an ice beast
  2425 | D:3      | Reached skill level 4 in Fighting
  2425 | D:3      | Reached XP level 7. HP: 43/43 MP: 8/8
  2591 | D:3      | Found a runed translucent door.
  2592 | D:3      | Noticed Crazy Yiuf
  2994 | D:3      | 2994 ||| UPGRADING to +4 ring of protection.
  2995 | D:3      | 2995 ||| READING 2 scrolls labelled KUFFOBATUA.
  3130 | D:4      | Noticed Blork the orc
  3141 | D:4      | Killed Blork the orc
  3154 | D:4      | Reached XP level 8. HP: 24/48 MP: 9/9
  3279 | D:4      | Noticed Edmund
  3294 | D:4      | Killed Edmund
  3295 | D:4      | Reached skill level 5 in Fighting
  3324 | D:4      | 3324 ||| FLEEEEING.
  3682 | D:4      | Noticed Ijyb
  3691 | D:4      | Killed Ijyb
  4197 | D:4      | 4197 ||| UPGRADING to +0 pair of gloves.
  4202 | D:4      | 4202 ||| DRINKING 2 fizzy pink potions.
  4203 | D:4      | 4203 ||| READING 3 scrolls of identify.
  4203 | D:4      | 4203 ||| IDENTIFYING green potion
  4204 | D:4      | 4204 ||| READING 2 scrolls of identify.
  4204 | D:4      | 4204 ||| IDENTIFYING bubbling cyan potion
  4205 | D:4      | 4205 ||| DROPPING potion of degeneration.
  4247 | D:5      | Entered Level 5 of the Dungeon
  4366 | D:5      | Reached skill level 9 in Ranged Weapons
  4454 | D:5      | Reached skill level 6 in Fighting
  4963 | D:5      | 4963 ||| READING scroll labelled WAETWASESCH.
  4964 | D:5      | 4964 ||| READING 2 scrolls labelled OFRISU MUTOSISK.
  4965 | D:5      | 4965 ||| READING 2 scrolls of identify.
  4965 | D:5      | 4965 ||| IDENTIFYING coppery potion
  4966 | D:5      | 4966 ||| DROPPING scroll of blinking.
  4993 | D:6      | Found a staircase to the Ecumenical Temple.
  4994 | D:6      | 4994 ||| PLANNING TEMPLE
  4994 | D:6      | 4994 ||| STAIRDANCE
  5005 | Temple   | Entered the Ecumenical Temple
  5005 | Temple   | Found a transporter.
  5005 | Temple   | Found a transporter.
  5007 | Temple   | Found a transporter.
  5007 | Temple   | Found a transporter.
  5017 | Temple   | 5017 ||| PLANNING D:1-11
  5032 | Temple   | 5032 ||| PLANNING OKAWARU WORSHIP
  5037 | Temple   | Became a worshipper of Warmaster Okawaru
  5038 | Temple   | 5038 ||| PLANNING D:1-11
  5154 | D:6      | Reached XP level 9. HP: 55/55 MP: 10/10
  5313 | D:6      | Noticed Pikel
  5318 | D:6      | 5318 ||| FLEEEEING.
  5319 | D:6      | 5319 ||| FLEEEEING.
  5320 | D:6      | 5320 ||| FLEEEEING.
  5321 | D:6      | 5321 ||| FLEEEEING.
  5329 | D:6      | Killed Pikel
  5329 | D:6      | Reached * piety under Okawaru
  5330 | D:6      | Reached skill level 7 in Fighting
  5334 | D:6      | 5334 ||| INVOKING Heroism.
  5338 | D:6      | Reached skill level 1 in Invocations
  5442 | D:6      | 5442 ||| INVOKING Heroism.
  5536 | D:6      | 5536 ||| INVOKING Heroism.
  5551 | D:6      | Reached skill level 3 in Invocations
  5640 | D:6      | 5640 ||| INVOKING Heroism.
  5747 | D:6      | 5747 ||| UPGRADING to +2 robe of willpower.
  5757 | D:6      | 5757 ||| DROPPING +0 ring mail.
  5758 | D:6      | 5758 ||| DRINKING 2 murky orange potions.
  5759 | D:6      | 5759 ||| READING 2 scrolls of identify.
  5759 | D:6      | 5759 ||| IDENTIFYING fuming white potion
  5760 | D:6      | 5760 ||| DROPPING potion of brilliance.
  5812 | D:7      | 5812 ||| Stepping ~*~*~tactically~*~*~ (outnumbered).
  5814 | D:7      | 5814 ||| Stepping ~*~*~tactically~*~*~ (outnumbered).
  5835 | D:7      | Found Qeintid's Armour Shoppe.
  5843 | D:7      | 5843 ||| BUYING +0 ring mail of fire resistance (143 gold).
  5843 | D:7      | Bought a +0 ring mail of fire resistance for 143 gold
                  | pieces
  5843 | D:7      | 5843 ||| SHOPLISTING +1 acid dragon scales (611 gold, have
                  | 129).
  5843 | D:7      | 5843 ||| SHOPLISTING +1 ring mail of the Eleven Visions
                  | {Will+} (280 gold, have 129).
  5856 | D:7      | Reached XP level 10. HP: 64/64 MP: 13/13
  5871 | D:7      | Reached skill level 3 in Dodging
  5980 | D:7      | 5980 ||| INVOKING Heroism.
  6017 | D:7      | Reached skill level 8 in Fighting
  6328 | D:7      | 6328 ||| UPGRADING to +0 ring mail of fire resistance.
  6338 | D:7      | 6338 ||| UPGRADING to amulet of faith.
  6343 | D:7      | 6343 ||| READING scroll labelled YTUQUN UFOEFU.
  6344 | D:7      | 6344 ||| READING 2 scrolls of identify.
  6344 | D:7      | 6344 ||| IDENTIFYING viscous inky potion
  6345 | D:7      | 6345 ||| DROPPING potion of lignification.
  6357 | D:8      | You fall into a shaft and drop 3 floors!
  6410 | D:11     | 6410 ||| INVOKING Heroism.
  6419 | D:11     | Reached skill level 3 in Armour
  6440 | D:11     | Identified the ring "Ucaola" {Ice rN+}
  6454 | D:11     | 6454 ||| INVOKING Heroism.
  6512 | D:11     | Noticed an orc knight
  6513 | D:11     | 6513 ||| Stepping ~*~*~tactically~*~*~ (outnumbered).
  6515 | D:11     | 6515 ||| INVOKING Heroism.
  6519 | D:11     | HP: 11/64 [orc priest/divine providence (14)]
  6520 | D:11     | 6520 ||| READING 4 scrolls of teleportation.
  6521 | D:11     | 6521 ||| DRINKING potion of heal wounds.
  6619 | D:11     | Noticed a cyclops
  6620 | D:11     | 6620 ||| INVOKING Heroism.
  6620 | D:11     | Noticed Maurice
  6621 | D:11     | 6621 ||| Stepping ~*~*~tactically~*~*~ (outnumbered).
  6639 | D:11     | Killed a cyclops
  6639 | D:11     | Reached ** piety under Okawaru
  6654 | D:11     | Killed Maurice
  6815 | D:11     | 6815 ||| INVOKING Heroism.
  6818 | D:11     | Reached skill level 12 in Ranged Weapons
  6885 | D:11     | Noticed a gargoyle
  6892 | D:11     | 6892 ||| INVOKING Heroism.
  6898 | D:11     | HP: 13/64 [gargoyle/+1 morningstar of protection (10)]
  6899 | D:11     | 6899 ||| READING 3 scrolls of teleportation.
  6929 | D:11     | 6929 ||| INVOKING Heroism.
  7035 | D:11     | Noticed a kobold demonologist
  7045 | D:11     | 7045 ||| INVOKING Heroism.
  7048 | D:11     | Killed a kobold demonologist
  7110 | D:11     | 7110 ||| Stepping ~*~*~tactically~*~*~ (outnumbered).
  7111 | D:11     | 7111 ||| INVOKING Heroism.
  7128 | D:11     | Killed an orc knight
  7128 | D:11     | Reached *** piety under Okawaru
  7132 | D:11     | Noticed Harold
  7138 | D:11     | HP: 13/64 [Harold/+0 battleaxe (5)]
  7139 | D:11     | 7139 ||| READING 2 scrolls of teleportation.
  7141 | D:11     | 7141 ||| INVOKING Heroism.
  7143 | D:11     | 7143 ||| READING scroll of teleportation.
  7146 | D:11     | Killed a gargoyle
  7375 | D:11     | 7375 ||| UPGRADING to +2 cloak of willpower.
  7380 | D:11     | 7380 ||| DROPPING +2 robe of willpower.
  7381 | D:11     | 7381 ||| UPGRADING to +0 troll leather armour.
  7391 | D:11     | 7391 ||| DROPPING amulet of magic regeneration.
  7392 | D:11     | 7392 ||| DROPPING ring "Ucaola" {Ice rN+}.
  7393 | D:11     | 7393 ||| DROPPING ring of resist corrosion.
  7402 | D:10     | Entered Level 10 of the Dungeon
  7415 | D:10     | Found a sacrificial altar of Ru.
  7415 | D:10     | Found a white marble altar of Elyvilon.
  7421 | D:10     | Reached XP level 11. HP: 69/69 MP: 14/14
  7434 | D:10     | 7434 ||| INVOKING Heroism.
  7473 | D:10     | 7473 ||| INVOKING Heroism.
  7496 | D:10     | Reached skill level 9 in Fighting
  7509 | D:10     | 7509 ||| INVOKING Heroism.
  7535 | D:10     | Found a staircase to the Orcish Mines.
  7600 | D:10     | 7600 ||| INVOKING Heroism.
  7689 | D:8      | Found an ancient bone altar of Kikubaaqudgha.
  7691 | D:8      | 7691 ||| INVOKING Heroism.
  7694 | D:8      | 7694 ||| Stepping ~*~*~tactically~*~*~ (outnumbered).
  7717 | D:8      | Reached **** piety under Okawaru
  7727 | D:8      | 7727 ||| SWAPPING to +0 arbalest.
  7728 | D:8      | 7728 ||| DROPPING +2 sling of draining.
  8149 | D:8      | 8149 ||| READING scroll labelled ROTUES WIUGI.
  8150 | D:8      | 8150 ||| READING 2 scrolls of identify.
  8150 | D:8      | 8150 ||| IDENTIFYING fizzy cyan potion
  8274 | D:9      | 8274 ||| INVOKING Heroism.
  8431 | D:9      | 8431 ||| FLEEEEING.
  8432 | D:9      | 8432 ||| FLEEEEING.
  8433 | D:9      | 8433 ||| FLEEEEING.
  8436 | D:9      | 8436 ||| FLEEEEING.
  8437 | D:9      | 8437 ||| FLEEEEING.
  8438 | D:9      | 8438 ||| FLEEEEING.
  8439 | D:9      | 8439 ||| FLEEEEING.
  8456 | D:9      | 8456 ||| Stepping ~*~*~tactically~*~*~ (outnumbered).
  8458 | D:9      | 8458 ||| Stepping ~*~*~tactically~*~*~ (outnumbered).
  8463 | D:9      | 8463 ||| INVOKING Heroism.
  8592 | D:9      | 8592 ||| FLEEEEING.
  8598 | D:9      | 8598 ||| FLEEEEING.
  8599 | D:9      | 8599 ||| FLEEEEING.
  8608 | D:9      | 8608 ||| INVOKING Heroism.
  8662 | D:9      | 8662 ||| INVOKING Heroism.
  8859 | D:9      | Noticed Joseph
  8860 | D:9      | 8860 ||| FLEEEEING.
  8875 | D:9      | Killed Joseph
  9029 | D:10     | Found a staircase to the Lair.
  9039 | D:10     | 9039 ||| INVOKING Heroism.
  9087 | D:10     | Noticed a tengu warrior
  9088 | D:10     | Noticed a two-headed ogre
  9145 | D:10     | 9145 ||| INVOKING Heroism.
  9184 | D:10     | 9184 ||| Stepping ~*~*~tactically~*~*~ (outnumbered).
  9305 | D:10     | Noticed a two-headed ogre
  9306 | D:10     | 9306 ||| INVOKING Heroism.
  9310 | D:10     | Killed a two-headed ogre
  9311 | D:10     | Reached skill level 6 in Invocations
  9327 | D:10     | Found a snail-covered altar of Cheibriados.
  9473 | D:10     | 9473 ||| INVOKING Heroism.
  9569 | D:10     | 9569 ||| INVOKING Heroism.
  9573 | D:10     | Killed a tengu warrior
  9574 | D:10     | Reached skill level 10 in Fighting
  9654 | D:10     | Reached XP level 12. HP: 77/77 MP: 17/17
  9671 | D:10     | 9671 ||| DROPPING ring of ice.
  9712 | D:10     | 9712 ||| PLANNING LAIR
  9717 | Lair:1   | Entered Level 1 of the Lair of Beasts
  9720 | Lair:1   | Reached ***** piety under Okawaru
  9856 | Lair:1   | 9856 ||| INVOKING Heroism.
  9921 | Lair:1   | 9921 ||| INVOKING Heroism.
  9958 | Lair:1   | Found a transporter.
  9960 | Lair:1   | Found a transporter.
  9960 | Lair:1   | Noticed a boulder beetle
  9994 | Lair:1   | Noticed a catoblepas
  9995 | Lair:1   | 9995 ||| INVOKING Heroism.
  9996 | Lair:1   | 9996 ||| INVOKING Finesse.
 10006 | Lair:1   | Killed a catoblepas
 10006 | Lair:1   | Received a gift from Okawaru
 10006 | Lair:1   | Found the +3 pair of mountain boots {steadfast, rC+}
 10168 | Lair:1   | 10168 ||| INVOKING Heroism.
 10180 | Lair:1   | Reached skill level 15 in Ranged Weapons
 10184 | Lair:1   | Reached skill level 9 in Invocations
 10232 | Lair:1   | Noticed Nergalle
 10233 | Lair:1   | 10233 ||| INVOKING Heroism.
 10240 | Lair:1   | Killed Nergalle
 10480 | Lair:1   | 10480 ||| INVOKING Heroism.
 10627 | Lair:1   | 10627 ||| DROPPING +0 leather armour of cold resistance.
 10628 | Lair:1   | 10628 ||| UPGRADING to +3 pair of mountain boots
                  | {steadfast, rC+}.
 10633 | Lair:1   | 10633 ||| DROPPING amulet of guardian spirit.
 10634 | Lair:1   | 10634 ||| DROPPING ring of wizardry.
 10635 | Lair:1   | 10635 ||| DRINKING 3 emerald potions.
 10668 | Lair:2   | 10668 ||| STAIRDANCE
 10675 | Lair:1   | 10675 ||| INVOKING Heroism.
 10737 | Lair:2   | 10737 ||| STAIRDANCE
 10744 | Lair:1   | 10744 ||| INVOKING Heroism.
 10841 | Lair:2   | 10841 ||| Stepping ~*~*~tactically~*~*~ (outnumbered).
 10848 | Lair:2   | 10848 ||| INVOKING Heroism.
 10894 | Lair:2   | Found a staircase to the Shoals.
 11000 | Lair:2   | Reached XP level 13. HP: 82/82 MP: 20/20
 11212 | Lair:2   | 11212 ||| INVOKING Heroism.
 11304 | Lair:2   | Identified the +5 scale mail of Daisies {Will+}
 11694 | Lair:2   | 11694 ||| UPGRADING to +6 ring of dexterity.
 11696 | Lair:2   | 11696 ||| DROPPING +4 ring of slaying {mikee}.
 11736 | Lair:3   | 11736 ||| STAIRDANCE
 11763 | Lair:3   | 11763 ||| INVOKING Heroism.
 11894 | Lair:3   | 11894 ||| READING scroll of enchant armour.
 11894 | Lair:3   | 11894 ||| ENCHANTING +0 pair of gloves.
 11921 | Lair:3   | Reached skill level 6 in Dodging
 11923 | Lair:3   | 11923 ||| INVOKING Heroism.
 11936 | Lair:3   | Received a gift from Okawaru
 11939 | Lair:3   | HP: 16/82 [elephant (13)]
 11940 | Lair:3   | 11940 ||| READING scroll of teleportation.
 11941 | Lair:3   | 11941 ||| DRINKING potion of heal wounds.
 11952 | Lair:3   | 11952 ||| INVOKING Heroism.
 12157 | Lair:3   | Found a staircase to the Snake Pit.
 12184 | Lair:3   | 12184 ||| READING scroll of enchant weapon.
 12184 | Lair:3   | 12184 ||| ENCHANTING +0 arbalest.
 12325 | Lair:3   | 12325 ||| READING scroll of enchant armour.
 12325 | Lair:3   | 12325 ||| ENCHANTING +1 pair of gloves.
 12363 | Lair:3   | Reached skill level 11 in Fighting
 12558 | Lair:4   | Received a gift from Okawaru
 12560 | Lair:4   | 12560 ||| SWAPPING to +6 longbow of draining.
 12561 | Lair:4   | 12561 ||| DROPPING +1 arbalest.
 12618 | Lair:4   | 12618 ||| INVOKING Heroism.
 12671 | Lair:4   | 12671 ||| INVOKING Heroism.
 12777 | Lair:4   | Noticed Rupert
 12778 | Lair:4   | 12778 ||| INVOKING Heroism.
 12779 | Lair:4   | 12779 ||| INVOKING Finesse.
 12785 | Lair:4   | Killed Rupert
 12872 | Lair:4   | 12872 ||| INVOKING Heroism.
 12895 | Lair:4   | 12895 ||| INVOKING Finesse.
 13102 | Lair:4   | 13102 ||| INVOKING Heroism.
 13179 | Lair:4   | 13179 ||| INVOKING Heroism.
 13407 | Lair:5   | Entered Level 5 of the Lair of Beasts
 13408 | Lair:5   | 13408 ||| INVOKING Heroism.
 13414 | Lair:5   | Gained mutation: Your large and strong wings let you fly.
                  | [Gargoyle growth]
 13414 | Lair:5   | Reached XP level 14. HP: 78/90 MP: 18/21
 13644 | Lair:5   | Noticed a dire elephant
 13644 | Lair:5   | Noticed a dire elephant
 13644 | Lair:5   | Noticed a dire elephant
 13669 | Lair:5   | Identified the +8 great mace of Natris {drain, Int+8}
                  | (Okawaru gifted it to you on level 5 of the Lair of Beasts)
 13669 | Lair:5   | Received a gift from Okawaru
 13752 | Lair:5   | Reached skill level 18 in Ranged Weapons
 13758 | Lair:5   | 13758 ||| INVOKING Heroism.
 13830 | Lair:5   | 13830 ||| INVOKING Heroism.
 13848 | Lair:5   | 13848 ||| INVOKING Finesse.
 13886 | Lair:5   | Found a staircase to the Slime Pits.
 13903 | Lair:5   | Noticed Sonja
 13905 | Lair:5   | 13905 ||| INVOKING Finesse.
 13915 | Lair:5   | Killed Sonja
 13987 | Lair:5   | Found a viscous altar of Jiyva.
 13988 | Lair:5   | 13988 ||| INVOKING Heroism.
 13994 | Lair:5   | Reached skill level 12 in Fighting
 14074 | Lair:5   | Identified the ring "Venogoy" {rF+ rC+ Str+2 Stlth+}
 14198 | Lair:5   | 14198 ||| INVOKING Heroism.
 14243 | Lair:5   | 14243 ||| INVOKING Heroism.
 14298 | Lair:5   | Reached skill level 6 in Armour
 14366 | Lair:5   | 14366 ||| INVOKING Heroism.
 14377 | Lair:5   | Killed a dire elephant
 14382 | Lair:5   | Killed a dire elephant
 14394 | Lair:5   | Killed a dire elephant
 14526 | Lair:5   | 14526 ||| PLANNING D:1-11
 14526 | Lair:5   | 14526 ||| DROPPING +2 robe of cold resistance.
 14527 | Lair:5   | 14527 ||| UPGRADING to ring "Venogoy" {rF+ rC+ Str+2
                  | Stlth+}.
 14669 | Lair:5   | Identified the staff "Gewu" {*Slow rPois rF+ rC+ Fire}
 14670 | Lair:5   | 14670 ||| DROPPING ring of fire.
 14671 | Lair:5   | 14671 ||| READING scroll labelled ZEMOUG EGGIPN.
 14910 | D:11     | Noticed Erolcha
 14911 | D:11     | 14911 ||| INVOKING Heroism.
 14912 | D:11     | 14912 ||| INVOKING Finesse.
 14917 | D:11     | Killed Erolcha
 15017 | D:11     | 15017 ||| Stepping ~*~*~tactically~*~*~ (outnumbered).
 15019 | D:11     | 15019 ||| Stepping ~*~*~tactically~*~*~ (outnumbered).
 15021 | D:11     | 15021 ||| Stepping ~*~*~tactically~*~*~ (outnumbered).
 15024 | D:11     | 15024 ||| Stepping ~*~*~tactically~*~*~ (outnumbered).
 15042 | D:11     | 15042 ||| Stepping ~*~*~tactically~*~*~ (outnumbered).
 15044 | D:11     | 15044 ||| Stepping ~*~*~tactically~*~*~ (outnumbered).
 15208 | D:11     | 15208 ||| Stepping ~*~*~tactically~*~*~ (outnumbered).
 15222 | D:11     | Killed Harold
 15227 | D:11     | 15227 ||| PLANNING D
 15227 | D:11     | 15227 ||| READING 6 scrolls of identify.
 15227 | D:11     | 15227 ||| IDENTIFYING glowing purple potion
 15228 | D:11     | 15228 ||| DROPPING potion of ambrosia.
 15272 | D:12     | 15272 ||| Stepping randomly (disturbance).
 15282 | D:12     | 15282 ||| FLEEEEING.
 15283 | D:12     | 15283 ||| FLEEEEING.
 15284 | D:12     | 15284 ||| FLEEEEING.
 15285 | D:12     | 15285 ||| FLEEEEING.
 15400 | D:12     | Reached XP level 15. HP: 96/96 MP: 22/22
 15470 | D:12     | 15470 ||| INVOKING Heroism.
 15601 | D:12     | Noticed Snorg
 15608 | D:12     | 15608 ||| INVOKING Heroism.
 15615 | D:12     | Killed Snorg
 15616 | D:12     | Received a gift from Okawaru
 15770 | D:12     | Reached skill level 13 in Fighting
 15794 | D:12     | 15794 ||| Stepping ~*~*~tactically~*~*~ (outnumbered).
 15810 | D:12     | 15810 ||| INVOKING Heroism.
 15998 | D:12     | Identified the +11 flail "Wetet" {freeze, rPois rF+ Dex-5}
 16003 | D:12     | 16003 ||| DROPPING +0 ring mail of fire resistance.
 16004 | D:12     | 16004 ||| UPGRADING to +2 troll leather armour {Snorg}.
 16014 | D:12     | 16014 ||| DROPPING +0 troll leather armour.
 16015 | D:12     | 16015 ||| READING 6 scrolls of identify.
 16015 | D:12     | 16015 ||| IDENTIFYING bubbling golden potion
 16116 | D:13     | 16116 ||| Stepping ~*~*~tactically~*~*~ (outnumbered).
 16118 | D:13     | 16118 ||| Stepping ~*~*~tactically~*~*~ (outnumbered).
 16125 | D:13     | Reached skill level 9 in Dodging
 16132 | D:13     | 16132 ||| Stepping ~*~*~tactically~*~*~ (outnumbered).
 16139 | D:13     | 16139 ||| Stepping ~*~*~tactically~*~*~ (outnumbered).
 16141 | D:13     | 16141 ||| Stepping ~*~*~tactically~*~*~ (outnumbered).
 16348 | D:13     | 16348 ||| INVOKING Heroism.
 16350 | D:13     | 16350 ||| Stepping ~*~*~tactically~*~*~ (outnumbered).
 16351 | D:13     | 16351 ||| Stepping ~*~*~tactically~*~*~ (outnumbered).
 16355 | D:13     | 16355 ||| Stepping ~*~*~tactically~*~*~ (outnumbered).
 16358 | D:13     | 16358 ||| Stepping ~*~*~tactically~*~*~ (outnumbered).
 16458 | D:13     | 16458 ||| Stepping ~*~*~tactically~*~*~ (outnumbered).
 16528 | D:13     | 16528 ||| Stepping ~*~*~tactically~*~*~ (outnumbered).
 16774 | D:13     | 16774 ||| READING 5 scrolls of identify.
 16774 | D:13     | 16774 ||| IDENTIFYING red potion
 16912 | D:14     | Reached ****** piety under Okawaru
 17006 | D:14     | Received a gift from Okawaru
 17015 | D:14     | 17015 ||| FLEEEEING.
 17016 | D:14     | 17016 ||| FLEEEEING.
 17017 | D:14     | 17017 ||| FLEEEEING.
 17018 | D:14     | 17018 ||| FLEEEEING.
 17019 | D:14     | 17019 ||| FLEEEEING.
 17020 | D:14     | 17020 ||| FLEEEEING.
 17021 | D:14     | 17021 ||| FLEEEEING.
 17022 | D:14     | 17022 ||| FLEEEEING.
 17023 | D:14     | 17023 ||| FLEEEEING.
 17024 | D:14     | 17024 ||| FLEEEEING.
 17025 | D:14     | 17025 ||| FLEEEEING.
 17026 | D:14     | 17026 ||| FLEEEEING.
 17027 | D:14     | 17027 ||| FLEEEEING.
 17028 | D:14     | 17028 ||| FLEEEEING.
 17060 | D:14     | Found a gate to the Vaults.
 17578 | D:14     | Found a snail-covered altar of Cheibriados.
 17615 | D:15     | Entered Level 15 of the Dungeon
 17631 | D:15     | Found a broken altar of Ashenzari.
 17664 | D:15     | 17664 ||| INVOKING Heroism.
 17696 | D:15     | Found a runed translucent door.
 17703 | D:15     | Noticed qw's ghost (journeyman GrHs)
 17818 | D:15     | 17818 ||| INVOKING Heroism.
 17936 | D:15     | Reached skill level 14 in Fighting
 17936 | D:15     | Reached XP level 16. HP: 106/106 MP: 23/23
 17976 | D:15     | 17976 ||| INVOKING Heroism.
 17983 | D:15     | HP: 21/105 [sphinx zombie (9)]
 17984 | D:15     | 17984 ||| READING 3 scrolls of teleportation.
 17985 | D:15     | 17985 ||| DRINKING potion of heal wounds.
 18077 | D:15     | 18077 ||| INVOKING Heroism.
 18136 | D:15     | 18136 ||| INVOKING Heroism.
 18182 | D:15     | Found a staircase to the Depths.
 18217 | D:15     | Received a gift from Okawaru
 18219 | D:15     | 18219 ||| DROPPING +1 longbow of draining.
 18292 | D:15     | 18292 ||| INVOKING Heroism.
 18298 | D:15     | Reached skill level 15 in Fighting
 18350 | D:15     | 18350 ||| FLEEEEING.
 18351 | D:15     | 18351 ||| FLEEEEING.
 18352 | D:15     | 18352 ||| FLEEEEING.
 18353 | D:15     | 18353 ||| FLEEEEING.
 18366 | D:15     | 18366 ||| INVOKING Heroism.
 18414 | D:15     | Identified the amulet of Iveps {Acrobat +Blink rC+ rN+
                  | Slay-4}
 18417 | D:15     | Identified the +10 dagger "Ycuagut" {flame, Dex+3}
 18594 | D:15     | Identified the ring of Liutiuffou {rElec Will+ Str+3}
 18596 | D:15     | Identified the +5 spear "Waashuka" {flame, rPois rCorr}
 18601 | D:15     | 18601 ||| PLANNING ORC
 18601 | D:15     | 18601 ||| DROPPING +6 ring of intelligence.
 18710 | Orc:1    | Entered Level 1 of the Orcish Mines
 18852 | Orc:1    | 18852 ||| Stepping ~*~*~tactically~*~*~ (outnumbered).
 18854 | Orc:1    | 18854 ||| Stepping ~*~*~tactically~*~*~ (outnumbered).
 18856 | Orc:1    | 18856 ||| Stepping ~*~*~tactically~*~*~ (outnumbered).
 18858 | Orc:1    | 18858 ||| Stepping ~*~*~tactically~*~*~ (outnumbered).
 18860 | Orc:1    | 18860 ||| Stepping ~*~*~tactically~*~*~ (outnumbered).
 18862 | Orc:1    | 18862 ||| Stepping ~*~*~tactically~*~*~ (outnumbered).
 18877 | Orc:1    | 18877 ||| INVOKING Heroism.
 18957 | Orc:1    | 18957 ||| INVOKING Heroism.
 18958 | Orc:1    | 18958 ||| INVOKING Finesse.
 19089 | Orc:1    | 19089 ||| Stepping ~*~*~tactically~*~*~ (outnumbered).
 19091 | Orc:1    | 19091 ||| Stepping ~*~*~tactically~*~*~ (outnumbered).
 19102 | Orc:1    | 19102 ||| FLEEEEING.
 19103 | Orc:1    | 19103 ||| FLEEEEING.
 19104 | Orc:1    | 19104 ||| FLEEEEING.
 19108 | Orc:1    | 19108 ||| FLEEEEING.
 19291 | Orc:2    | Entered Level 2 of the Orcish Mines
 19317 | Orc:2    | 19317 ||| INVOKING Heroism.
 19331 | Orc:2    | Found a staircase to the Elven Halls.
 19374 | Orc:2    | 19374 ||| INVOKING Heroism.
 19375 | Orc:2    | 19375 ||| INVOKING Finesse.
 19386 | Orc:2    | Identified the +4 orcbow of Defence {freeze, rF+ rCorr
                  | Stlth-} (Okawaru gifted it to you on level 2 of the Orcish
                  | Mines)
 19386 | Orc:2    | Received a gift from Okawaru
 19399 | Orc:2    | 19399 ||| Stepping ~*~*~tactically~*~*~ (outnumbered).
 19411 | Orc:2    | 19411 ||| INVOKING Finesse.
 19417 | Orc:2    | 19417 ||| Stepping ~*~*~tactically~*~*~ (outnumbered).
 19418 | Orc:2    | 19418 ||| Stepping ~*~*~tactically~*~*~ (outnumbered).
 19419 | Orc:2    | 19419 ||| Stepping ~*~*~tactically~*~*~ (outnumbered).
 19501 | Orc:2    | Noticed Nessos
 19502 | Orc:2    | 19502 ||| INVOKING Finesse.
 19505 | Orc:2    | 19505 ||| Stepping ~*~*~tactically~*~*~ (outnumbered).
 19511 | Orc:2    | 19511 ||| INVOKING Heroism.
 19521 | Orc:2    | 19521 ||| Stepping ~*~*~tactically~*~*~ (outnumbered).
 19525 | Orc:2    | Killed Nessos
 19562 | Orc:2    | 19562 ||| INVOKING Heroism.
 19574 | Orc:2    | 19574 ||| Stepping ~*~*~tactically~*~*~ (outnumbered).
 19576 | Orc:2    | 19576 ||| Stepping ~*~*~tactically~*~*~ (outnumbered).
 19578 | Orc:2    | 19578 ||| Stepping ~*~*~tactically~*~*~ (outnumbered).
 19580 | Orc:2    | 19580 ||| Stepping ~*~*~tactically~*~*~ (outnumbered).
 19584 | Orc:2    | 19584 ||| Stepping ~*~*~tactically~*~*~ (outnumbered).
 19585 | Orc:2    | 19585 ||| INVOKING Heroism.
 19611 | Orc:2    | 19611 ||| Stepping ~*~*~tactically~*~*~ (outnumbered).
 19613 | Orc:2    | 19613 ||| Stepping ~*~*~tactically~*~*~ (outnumbered).
 19650 | Orc:2    | 19650 ||| INVOKING Heroism.
 19685 | Orc:2    | Found Jeng's Jewellery Emporium.
 19727 | Orc:2    | 19727 ||| FLEEEEING.
 19728 | Orc:2    | 19728 ||| FLEEEEING.
 19729 | Orc:2    | 19729 ||| FLEEEEING.
 19732 | Orc:2    | 19732 ||| FLEEEEING.
 19733 | Orc:2    | 19733 ||| FLEEEEING.
 19734 | Orc:2    | 19734 ||| FLEEEEING.
 19735 | Orc:2    | 19735 ||| FLEEEEING.
 19740 | Orc:2    | 19740 ||| FLEEEEING.
 19741 | Orc:2    | 19741 ||| FLEEEEING.
 19741 | Orc:2    | Found Paomaf's Antique Weapon Emporium.
 19742 | Orc:2    | 19742 ||| FLEEEEING.
 19743 | Orc:2    | 19743 ||| FLEEEEING.
 19744 | Orc:2    | 19744 ||| FLEEEEING.
 19745 | Orc:2    | 19745 ||| FLEEEEING.
 19746 | Orc:2    | 19746 ||| FLEEEEING.
 19747 | Orc:2    | 19747 ||| FLEEEEING.
 19748 | Orc:2    | 19748 ||| FLEEEEING.
 19749 | Orc:2    | 19749 ||| FLEEEEING.
 19750 | Orc:2    | 19750 ||| FLEEEEING.
 19751 | Orc:2    | 19751 ||| FLEEEEING.
 19752 | Orc:2    | 19752 ||| FLEEEEING.
 19753 | Orc:2    | 19753 ||| FLEEEEING.
 19754 | Orc:2    | 19754 ||| FLEEEEING.
 19755 | Orc:2    | 19755 ||| FLEEEEING.
 19756 | Orc:2    | 19756 ||| FLEEEEING.
 19757 | Orc:2    | 19757 ||| FLEEEEING.
 19758 | Orc:2    | 19758 ||| FLEEEEING.
 19799 | Orc:2    | 19799 ||| BUYING +5 ring of evasion (504 gold).
 19799 | Orc:2    | Bought a +5 ring of evasion for 504 gold pieces
 19836 | Orc:2    | Found Afeir's Weapon Boutique.
 19975 | Orc:2    | Found Xasesosov's Antique Armour Emporium.
 19981 | Orc:2    | 19981 ||| BUYING pair of spiked gloves (399 gold).
 19981 | Orc:2    | Bought a pair of spiked gloves for 399 gold pieces
 19981 | Orc:2    | Identified the +0 pair of gloves of Veokumola {+Blink rElec
                  | rF+ Slay+3} (You bought it in a shop on level 2 of the
                  | Orcish Mines)
 19990 | Orc:2    | Found Cowunobie's General Store.
 20071 | Orc:2    | 20071 ||| PLANNING SHOALS:1-3
 20071 | Orc:2    | 20071 ||| UPGRADING to +0 pair of gloves of Veokumola
                  | {+Blink rElec rF+ Slay+3}.
 20081 | Orc:2    | 20081 ||| DROPPING +2 pair of gloves.
 20082 | Orc:2    | 20082 ||| UPGRADING to +4 ring of protection.
 20084 | Orc:2    | 20084 ||| UPGRADING to +5 ring of evasion.
 20086 | Orc:2    | 20086 ||| DROPPING +4 ring of protection.
 20247 | Shoals:1 | Entered Level 1 of the Shoals
 20257 | Shoals:1 | 20257 ||| STAIRDANCE
 20284 | Shoals:1 | 20284 ||| STAIRDANCE
 20306 | Shoals:1 | Reached skill level 16 in Fighting
 20460 | Shoals:1 | 20460 ||| INVOKING Heroism.
 20553 | Shoals:1 | 20553 ||| FLEEEEING.
 20554 | Shoals:1 | 20554 ||| FLEEEEING.
 20555 | Shoals:1 | 20555 ||| FLEEEEING.
 20556 | Shoals:1 | 20556 ||| FLEEEEING.
 20557 | Shoals:1 | 20557 ||| FLEEEEING.
 20558 | Shoals:1 | 20558 ||| FLEEEEING.
 20610 | Shoals:1 | Identified the +1 chain mail of the Wasteland {rN+ rCorr
                  | Str+2 Dex-5} (Okawaru gifted it to you on level 1 of the
                  | Shoals)
 20610 | Shoals:1 | Received a gift from Okawaru
 21310 | Shoals:2 | 21310 ||| INVOKING Heroism.
 21331 | Shoals:2 | Reached XP level 17. HP: 115/115 MP: 24/24
 21391 | Shoals:2 | Noticed Frances
 21392 | Shoals:2 | 21392 ||| INVOKING Heroism.
 21393 | Shoals:2 | 21393 ||| INVOKING Finesse.
 21404 | Shoals:2 | Killed Frances
 21405 | Shoals:2 | Reached skill level 9 in Armour
 21486 | Shoals:2 | Noticed Donald
 21487 | Shoals:2 | 21487 ||| INVOKING Heroism.
 21504 | Shoals:2 | Killed Donald
 21515 | Shoals:2 | HP: 21/115 [something (8)]
 21516 | Shoals:2 | 21516 ||| READING 5 scrolls of teleportation.
 21602 | Shoals:2 | 21602 ||| INVOKING Heroism.
 21698 | Shoals:2 | 21698 ||| INVOKING Heroism.
 21703 | Shoals:2 | 21703 ||| Stepping ~*~*~tactically~*~*~ (outnumbered).
 21772 | Shoals:2 | 21772 ||| INVOKING Heroism.
 22016 | Shoals:2 | 22016 ||| INVOKING Heroism.
 22020 | Shoals:2 | Reached skill level 17 in Fighting
 22201 | Shoals:3 | 22201 ||| INVOKING Heroism.
 22240 | Shoals:3 | Noticed Nikola
 22241 | Shoals:3 | 22241 ||| INVOKING Heroism.
 22254 | Shoals:3 | Killed Nikola
 22510 | Shoals:3 | 22510 ||| FLEEEEING.
 22511 | Shoals:3 | 22511 ||| FLEEEEING.
 22531 | Shoals:3 | Found Qenlekic's Distillery.
 22539 | Shoals:3 | 22539 ||| BUYING potion of curing (51 gold).
 22539 | Shoals:3 | Bought a potion of curing for 51 gold pieces
 22539 | Shoals:3 | 22539 ||| BUYING potion of enlightenment (85 gold).
 22539 | Shoals:3 | Bought a potion of enlightenment for 85 gold pieces
 22539 | Shoals:3 | 22539 ||| BUYING potion of might (68 gold).
 22539 | Shoals:3 | Bought a potion of might for 68 gold pieces
 22765 | Shoals:3 | 22765 ||| PLANNING SNAKE:1-3
 22765 | Shoals:3 | 22765 ||| DROPPING +1 pair of gloves.
 22766 | Shoals:3 | 22766 ||| DROPPING ring of magical power.
 22870 | Snake:1  | Entered Level 1 of the Snake Pit
 22905 | Snake:1  | Noticed Aizul
 22907 | Snake:1  | 22907 ||| INVOKING Heroism.
 22920 | Snake:1  | Killed Aizul
 23128 | Snake:1  | 23128 ||| INVOKING Heroism.
 23168 | Snake:1  | Reached skill level 18 in Fighting
 23195 | Snake:1  | 23195 ||| Stepping ~*~*~tactically~*~*~ (outnumbered).
 23198 | Snake:1  | 23198 ||| Stepping ~*~*~tactically~*~*~ (outnumbered).
 23200 | Snake:1  | 23200 ||| Stepping ~*~*~tactically~*~*~ (outnumbered).
 23440 | Snake:1  | 23440 ||| Stepping ~*~*~tactically~*~*~ (outnumbered).
 23442 | Snake:1  | 23442 ||| Stepping ~*~*~tactically~*~*~ (outnumbered).
 23444 | Snake:1  | 23444 ||| Stepping ~*~*~tactically~*~*~ (outnumbered).
 23458 | Snake:1  | 23458 ||| INVOKING Heroism.
 23472 | Snake:1  | 23472 ||| Stepping ~*~*~tactically~*~*~ (outnumbered).
 23492 | Snake:1  | 23492 ||| INVOKING Heroism.
 23518 | Snake:1  | Received a gift from Okawaru
 23918 | Snake:2  | Reached skill level 12 in Dodging
 23922 | Snake:2  | 23922 ||| STAIRDANCE
 23936 | Snake:2  | 23936 ||| INVOKING Heroism.
 24068 | Snake:2  | 24068 ||| FLEEEEING.
 24069 | Snake:2  | 24069 ||| FLEEEEING.
 24070 | Snake:2  | 24070 ||| FLEEEEING.
 24071 | Snake:2  | 24071 ||| FLEEEEING.
 24072 | Snake:2  | 24072 ||| FLEEEEING.
 24073 | Snake:2  | 24073 ||| FLEEEEING.
 24074 | Snake:2  | 24074 ||| FLEEEEING.
 24075 | Snake:2  | 24075 ||| INVOKING Heroism.
 24204 | Snake:2  | 24204 ||| INVOKING Heroism.
 24209 | Snake:2  | 24209 ||| Stepping ~*~*~tactically~*~*~ (outnumbered).
 24225 | Snake:2  | Reached XP level 18. HP: 117/126 MP: 25/25
 24247 | Snake:2  | 24247 ||| Stepping ~*~*~tactically~*~*~ (outnumbered).
 24249 | Snake:2  | 24249 ||| Stepping ~*~*~tactically~*~*~ (outnumbered).
 24364 | Snake:2  | Found a frozen archway.
 24656 | Snake:3  | Found Hofrap's Weapon Emporium.
 24728 | Snake:3  | 24728 ||| INVOKING Heroism.
 24776 | Snake:3  | Found a transporter.
 24794 | Snake:3  | 24794 ||| Stepping ~*~*~tactically~*~*~ (outnumbered).
 24800 | Snake:3  | Reached skill level 19 in Fighting
 24912 | Snake:3  | Found a transporter.
 24916 | Snake:3  | 24916 ||| INVOKING Heroism.
 24954 | Snake:3  | 24954 ||| Stepping ~*~*~tactically~*~*~ (outnumbered).
 24956 | Snake:3  | 24956 ||| Stepping ~*~*~tactically~*~*~ (outnumbered).
 25002 | Snake:3  | 25002 ||| Stepping ~*~*~tactically~*~*~ (outnumbered).
 25015 | Snake:3  | 25015 ||| FLEEEEING.
 25117 | Snake:3  | Identified the +7 longbow "Roguet" {speed, Int+3} (Okawaru
                  | gifted it to you on level 3 of the Snake Pit)
 25117 | Snake:3  | Received a gift from Okawaru
 25120 | Snake:3  | 25120 ||| SWAPPING to +7 longbow "Roguet" {speed, Int+3}.
 25121 | Snake:3  | 25121 ||| DROPPING +6 longbow of draining.
 25277 | Snake:3  | 25277 ||| INVOKING Heroism.
 25325 | Snake:3  | 25325 ||| STAIRDANCE
 25341 | Snake:2  | 25341 ||| DROPPING +2 pair of gloves.
 25511 | Snake:3  | 25511 ||| Stepping ~*~*~tactically~*~*~ (outnumbered).
 25512 | Snake:3  | 25512 ||| Stepping ~*~*~tactically~*~*~ (outnumbered).
 25514 | Snake:3  | 25514 ||| Stepping ~*~*~tactically~*~*~ (outnumbered).
 25517 | Snake:3  | 25517 ||| Stepping ~*~*~tactically~*~*~ (outnumbered).
 25520 | Snake:3  | 25520 ||| Stepping ~*~*~tactically~*~*~ (outnumbered).
 25521 | Snake:3  | 25521 ||| INVOKING Heroism.
 25750 | Snake:3  | 25750 ||| PLANNING SHOALS:4
 25889 | Shoals:4 | Entered Level 4 of the Shoals
 25890 | Shoals:4 | 25890 ||| INVOKING Heroism.
 25891 | Shoals:4 | 25891 ||| INVOKING Finesse.
 26014 | Shoals:4 | 26014 ||| INVOKING Heroism.
 26099 | Shoals:4 | Reached skill level 20 in Fighting
 26118 | Shoals:4 | Got a barnacled rune of Zot
 26259 | Shoals:4 | 26259 ||| INVOKING Heroism.
 26349 | Shoals:4 | 26349 ||| INVOKING Heroism.
 26445 | Shoals:4 | Received a gift from Okawaru
 26446 | Shoals:4 | 26446 ||| INVOKING Heroism.
 26447 | Shoals:4 | 26447 ||| INVOKING Finesse.
 26612 | Shoals:4 | 26612 ||| INVOKING Heroism.
 26657 | Shoals:4 | Found Asulin's Gadget Gallery.
 26692 | Shoals:4 | 26692 ||| INVOKING Heroism.
 26722 | Shoals:4 | Identified the +9 quarterstaff of Tomorrow {venom, *Rage
                  | Str+6 Stlth+}
 26895 | Shoals:4 | 26895 ||| PLANNING VAULTS:1-4
 26895 | Shoals:4 | 26895 ||| UPGRADING to +0 helmet.
 26900 | Shoals:4 | 26900 ||| DROPPING +1 hat.
 26901 | Shoals:4 | 26901 ||| DROPPING scarf of shadows.
 26902 | Shoals:4 | 26902 ||| READING scroll labelled ERCHOI PIOZAN.
 27148 | Vaults:1 | Entered Level 1 of the Vaults
 27283 | Vaults:1 | Found a transporter.
 27286 | Vaults:1 | Found a bloodstained altar of Trog.
 27294 | Vaults:1 | Found a transporter.
 27294 | Vaults:1 | Noticed qw's ghost (adept MiHs)
 27403 | Vaults:1 | Reached XP level 19. HP: 129/135 MP: 26/26
 27403 | Vaults:1 | 27403 ||| Stepping ~*~*~tactically~*~*~ (outnumbered).
 27408 | Vaults:1 | Identified the +9 hand crossbow of Siyqoji {flame, Dex+3}
                  | (Okawaru gifted it to you on level 1 of the Vaults)
 27408 | Vaults:1 | Received a gift from Okawaru
 27410 | Vaults:1 | 27410 ||| Stepping ~*~*~tactically~*~*~ (outnumbered).
 27412 | Vaults:1 | 27412 ||| INVOKING Heroism.
 27426 | Vaults:1 | Reached skill level 12 in Armour
 27668 | Vaults:1 | Identified the ring of Dashriub {rC+ rCorr Str+6}
 27842 | Vaults:1 | 27842 ||| Stepping ~*~*~tactically~*~*~ (outnumbered).
 27843 | Vaults:1 | 27843 ||| Stepping ~*~*~tactically~*~*~ (outnumbered).
 27971 | Vaults:1 | Received a gift from Okawaru
 28007 | Vaults:1 | Found Ummuatik's Weapon Emporium.
 28051 | Vaults:1 | 28051 ||| INVOKING Heroism.
 28053 | Vaults:1 | 28053 ||| INVOKING Finesse.
 28071 | Vaults:1 | HP: 32/136 [ettin/+0 antimagic giant club (30)]
 28072 | Vaults:1 | 28072 ||| READING 10 scrolls of teleportation.
 28072 | Vaults:1 | HP: 15/136 [ettin/+0 antimagic giant club (15)]
 28084 | Vaults:1 | HP: 10/136 [vault guard/+0 long sword (8)]
 28318 | Vaults:1 | 28318 ||| INVOKING Heroism.
 28319 | Vaults:1 | 28319 ||| INVOKING Finesse.
 28532 | Vaults:1 | 28532 ||| DROPPING scarf of invisibility.
 28533 | Vaults:1 | 28533 ||| DROPPING ring of Dashriub {rC+ rCorr Str+6}.
 28598 | Vaults:2 | 28598 ||| Stepping ~*~*~tactically~*~*~ (outnumbered).
 28600 | Vaults:2 | 28600 ||| Stepping ~*~*~tactically~*~*~ (outnumbered).
 28606 | Vaults:2 | 28606 ||| Stepping ~*~*~tactically~*~*~ (outnumbered).
 28748 | Vaults:2 | Reached skill level 21 in Fighting
 28850 | Vaults:2 | 28850 ||| INVOKING Heroism.
 28851 | Vaults:2 | 28851 ||| INVOKING Finesse.
 29044 | Vaults:2 | 29044 ||| Stepping ~*~*~tactically~*~*~ (outnumbered).
 29221 | Vaults:2 | 29221 ||| Stepping ~*~*~tactically~*~*~ (outnumbered).
 29223 | Vaults:2 | 29223 ||| Stepping ~*~*~tactically~*~*~ (outnumbered).
 29225 | Vaults:2 | 29225 ||| Stepping ~*~*~tactically~*~*~ (outnumbered).
 29226 | Vaults:2 | 29226 ||| Stepping ~*~*~tactically~*~*~ (outnumbered).
 29229 | Vaults:2 | 29229 ||| Stepping ~*~*~tactically~*~*~ (outnumbered).
 29440 | Vaults:2 | Identified the +1 robe of Kysenum {Rampage rF+} (Okawaru
                  | gifted it to you on level 2 of the Vaults)
 29440 | Vaults:2 | Received a gift from Okawaru
 29477 | Vaults:2 | 29477 ||| Stepping ~*~*~tactically~*~*~ (outnumbered).
 29478 | Vaults:2 | 29478 ||| Stepping ~*~*~tactically~*~*~ (outnumbered).
 29482 | Vaults:2 | 29482 ||| INVOKING Heroism.
 29506 | Vaults:2 | 29506 ||| INVOKING Finesse.
 29572 | Vaults:2 | 29572 ||| INVOKING Heroism.
 29625 | Vaults:2 | 29625 ||| INVOKING Heroism.
 29641 | Vaults:2 | Noticed a tentacled monstrosity
 29653 | Vaults:2 | Killed a tentacled monstrosity
 29708 | Vaults:2 | 29708 ||| INVOKING Heroism.
 29728 | Vaults:2 | Reached XP level 20. HP: 140/145 MP: 27/27
 29743 | Vaults:2 | Reached skill level 22 in Fighting
 29767 | Vaults:2 | 29767 ||| INVOKING Heroism.
 30223 | Vaults:3 | 30223 ||| FLEEEEING.
 30224 | Vaults:3 | 30224 ||| FLEEEEING.
 30225 | Vaults:3 | 30225 ||| FLEEEEING.
 30226 | Vaults:3 | 30226 ||| FLEEEEING.
 30227 | Vaults:3 | 30227 ||| FLEEEEING.
 30228 | Vaults:3 | 30228 ||| FLEEEEING.
 30354 | Vaults:3 | 30354 ||| INVOKING Heroism.
 30758 | Vaults:3 | 30758 ||| Stepping ~*~*~tactically~*~*~ (outnumbered).
 30759 | Vaults:3 | 30759 ||| FLEEEEING.
 30760 | Vaults:3 | 30760 ||| FLEEEEING.
 30761 | Vaults:3 | 30761 ||| FLEEEEING.
 30766 | Vaults:3 | 30766 ||| FLEEEEING.
 30767 | Vaults:3 | 30767 ||| FLEEEEING.
 30768 | Vaults:3 | 30768 ||| FLEEEEING.
 30775 | Vaults:3 | 30775 ||| FLEEEEING.
 30776 | Vaults:3 | 30776 ||| FLEEEEING.
 30780 | Vaults:3 | 30780 ||| FLEEEEING.
 30781 | Vaults:3 | 30781 ||| FLEEEEING.
 30782 | Vaults:3 | 30782 ||| FLEEEEING.
 30783 | Vaults:3 | 30783 ||| FLEEEEING.
 30919 | Vaults:3 | Reached skill level 15 in Dodging
 30921 | Vaults:3 | Found a staircase to the Crypt.
 31027 | Vaults:3 | 31027 ||| FLEEEEING.
 31030 | Vaults:3 | 31030 ||| FLEEEEING.
 31031 | Vaults:3 | 31031 ||| FLEEEEING.
 31032 | Vaults:3 | 31032 ||| FLEEEEING.
 31033 | Vaults:3 | 31033 ||| FLEEEEING.
 31034 | Vaults:3 | 31034 ||| FLEEEEING.
 31035 | Vaults:3 | 31035 ||| FLEEEEING.
 31036 | Vaults:3 | 31036 ||| FLEEEEING.
 31037 | Vaults:3 | 31037 ||| FLEEEEING.
 31038 | Vaults:3 | 31038 ||| FLEEEEING.
 31039 | Vaults:3 | 31039 ||| FLEEEEING.
 31040 | Vaults:3 | 31040 ||| FLEEEEING.
 31328 | Vaults:3 | Received a gift from Okawaru
 31523 | Vaults:3 | 31523 ||| DROPPING +1 leather armour of cold resistance.
 31524 | Vaults:3 | 31524 ||| UPGRADING to +2 hat of willpower.
 31534 | Vaults:3 | 31534 ||| DROPPING +0 helmet.
 31575 | Vaults:4 | 31575 ||| Stepping ~*~*~tactically~*~*~ (outnumbered).
 31576 | Vaults:4 | 31576 ||| Stepping ~*~*~tactically~*~*~ (outnumbered).
 31625 | Vaults:4 | 31625 ||| INVOKING Heroism.
 31643 | Vaults:4 | Reached skill level 23 in Fighting
 31872 | Vaults:4 | Noticed Frederick
 31873 | Vaults:4 | 31873 ||| INVOKING Heroism.
 31874 | Vaults:4 | 31874 ||| INVOKING Finesse.
 31881 | Vaults:4 | Killed Frederick
 31934 | Vaults:4 | Received a gift from Okawaru
 31966 | Vaults:4 | 31966 ||| FLEEEEING.
 32111 | Vaults:4 | Reached XP level 21. HP: 153/153 MP: 28/28
 32891 | Vaults:4 | 32891 ||| PLANNING SNAKE:4
 32891 | Vaults:4 | 32891 ||| DROPPING +1 cloak.
 32892 | Vaults:4 | 32892 ||| DROPPING +1 pair of gloves of strength.
 33246 | Snake:4  | Entered Level 4 of the Snake Pit
 33336 | Snake:4  | Found Qalozuupn's Assorted Antiques.
 33345 | Snake:4  | 33345 ||| BUYING potion of heal wounds (155 gold).
 33345 | Snake:4  | Bought a potion of heal wounds for 155 gold pieces
 33345 | Snake:4  | Found Zuaran's General Store.
 33349 | Snake:4  | 33349 ||| BUYING potion of curing (45 gold).
 33349 | Snake:4  | Bought a potion of curing for 45 gold pieces
 33349 | Snake:4  | 33349 ||| BUYING potion of might (60 gold).
 33349 | Snake:4  | Bought a potion of might for 60 gold pieces
 33349 | Snake:4  | 33349 ||| BUYING scroll of teleportation (45 gold).
 33349 | Snake:4  | Bought a scroll of teleportation for 45 gold pieces
 33358 | Snake:4  | 33358 ||| Stepping ~*~*~tactically~*~*~ (outnumbered).
 33361 | Snake:4  | 33361 ||| Stepping ~*~*~tactically~*~*~ (outnumbered).
 33519 | Snake:4  | 33519 ||| Stepping ~*~*~tactically~*~*~ (outnumbered).
 33636 | Snake:4  | 33636 ||| Stepping ~*~*~tactically~*~*~ (outnumbered).
 33770 | Snake:4  | 33770 ||| Stepping ~*~*~tactically~*~*~ (outnumbered).
 33771 | Snake:4  | 33771 ||| Stepping ~*~*~tactically~*~*~ (outnumbered).
 33775 | Snake:4  | 33775 ||| Stepping ~*~*~tactically~*~*~ (outnumbered).
 33787 | Snake:4  | Identified the +2 hat of Poiloepio {Harm} (Okawaru gifted
                  | it to you on level 4 of the Snake Pit)
 33787 | Snake:4  | Received a gift from Okawaru
 33808 | Snake:4  | 33808 ||| Stepping ~*~*~tactically~*~*~ (outnumbered).
 33809 | Snake:4  | Noticed Vashnia
 33816 | Snake:4  | 33816 ||| Stepping ~*~*~tactically~*~*~ (outnumbered).
 33825 | Snake:4  | 33825 ||| Stepping ~*~*~tactically~*~*~ (outnumbered).
 33854 | Snake:4  | Killed Vashnia
 33865 | Snake:4  | 33865 ||| Stepping ~*~*~tactically~*~*~ (outnumbered).
 33972 | Snake:4  | 33972 ||| Stepping ~*~*~tactically~*~*~ (outnumbered).
 33977 | Snake:4  | 33977 ||| Stepping ~*~*~tactically~*~*~ (outnumbered).
 33979 | Snake:4  | 33979 ||| Stepping ~*~*~tactically~*~*~ (outnumbered).
 33981 | Snake:4  | 33981 ||| Stepping ~*~*~tactically~*~*~ (outnumbered).
 34057 | Snake:4  | Got a serpentine rune of Zot
 34081 | Snake:4  | 34081 ||| FLEEEEING.
 34091 | Snake:4  | 34091 ||| FLEEEEING.
 34092 | Snake:4  | 34092 ||| FLEEEEING.
 34093 | Snake:4  | 34093 ||| FLEEEEING.
 34094 | Snake:4  | 34094 ||| FLEEEEING.
 34095 | Snake:4  | 34095 ||| FLEEEEING.
 34096 | Snake:4  | 34096 ||| FLEEEEING.
 34097 | Snake:4  | 34097 ||| FLEEEEING.
 34098 | Snake:4  | 34098 ||| FLEEEEING.
 34099 | Snake:4  | 34099 ||| FLEEEEING.
 34100 | Snake:4  | 34100 ||| FLEEEEING.
 34106 | Snake:4  | 34106 ||| FLEEEEING.
 34107 | Snake:4  | 34107 ||| FLEEEEING.
 34108 | Snake:4  | 34108 ||| FLEEEEING.
 34109 | Snake:4  | 34109 ||| FLEEEEING.
 34110 | Snake:4  | 34110 ||| STAIRDANCE
 34212 | Snake:3  | 34212 ||| DROPPING +2 hat of Poiloepio {Harm}.
 34213 | Snake:3  | 34213 ||| DROPPING ring of see invisible.
 34214 | Snake:3  | 34214 ||| READING 15 scrolls of identify.
 34214 | Snake:3  | 34214 ||| IDENTIFYING blue potion
 34215 | Snake:3  | 34215 ||| DROPPING potion of berserk rage.
 34392 | Snake:4  | Reached skill level 24 in Fighting
 34607 | Snake:4  | 34607 ||| PLANNING DEPTHS
 34813 | Depths:1 | Entered Level 1 of the Depths
 34814 | Depths:1 | 34814 ||| INVOKING Finesse.
 34870 | Depths:1 | 34870 ||| INVOKING Heroism.
 34893 | Depths:1 | Received a gift from Okawaru
 34946 | Depths:1 | Found Fuaschuwn's Elemental Accessories.
 34998 | Depths:1 | Gained mutation: You are weak. (Str -2) [a shining eye]
 35013 | Depths:1 | 35013 ||| INVOKING Heroism.
 35018 | Depths:1 | 35018 ||| Stepping ~*~*~tactically~*~*~ (outnumbered).
 35056 | Depths:1 | HP: 39/156 [spark wasp (4)]
 35057 | Depths:1 | 35057 ||| READING 11 scrolls of teleportation.
 35058 | Depths:1 | 35058 ||| DRINKING 4 potions of heal wounds.
 35059 | Depths:1 | 35059 ||| DRINKING 3 potions of heal wounds.
 35060 | Depths:1 | 35060 ||| DRINKING 2 potions of heal wounds.
 35061 | Depths:1 | 35061 ||| INVOKING Heroism.
 35062 | Depths:1 | 35062 ||| FLEEEEING.
 35200 | Depths:1 | Noticed a dread lich
 35201 | Depths:1 | 35201 ||| INVOKING Heroism.
 35202 | Depths:1 | 35202 ||| Stepping ~*~*~tactically~*~*~ (outnumbered).
 35211 | Depths:1 | 35211 ||| INVOKING Finesse.
 35225 | Depths:1 | 35225 ||| Stepping ~*~*~tactically~*~*~ (outnumbered).
 35232 | Depths:1 | Killed a dread lich
 35233 | Depths:1 | Reached skill level 25 in Fighting
 35233 | Depths:1 | Reached XP level 22. HP: 156/164 MP: 23/29
 35401 | Depths:1 | Found a gateway to Hell.
 35402 | Depths:1 | 35402 ||| INVOKING Heroism.
 35440 | Depths:1 | Found a transporter.
 35443 | Depths:1 | Noticed qw's ghost (adept DEHu)
 35444 | Depths:1 | Found a transporter.
 35567 | Depths:1 | 35567 ||| INVOKING Finesse.
 35665 | Depths:1 | Noticed Mara
 35666 | Depths:1 | 35666 ||| INVOKING Heroism.
 35667 | Depths:1 | 35667 ||| INVOKING Finesse.
 35669 | Depths:1 | 35669 ||| Stepping ~*~*~tactically~*~*~ (outnumbered).
 35713 | Depths:1 | Killed Mara
 35729 | Depths:1 | 35729 ||| INVOKING Heroism.
 35809 | Depths:1 | 35809 ||| DROPPING amulet of Iveps {Acrobat +Blink rC+ rN+
                  | Slay-4}.
 35841 | Depths:2 | Found a one-way gateway to a ziggurat.
 35860 | Depths:2 | Identified the +6 chain mail "Hiochueh" {Harm +Blink rPois}
                  | (Okawaru gifted it to you on level 2 of the Depths)
 35860 | Depths:2 | Received a gift from Okawaru
 35878 | Depths:2 | Noticed Louise
 35879 | Depths:2 | 35879 ||| Stepping ~*~*~tactically~*~*~ (outnumbered).
 35888 | Depths:2 | Found a one-way gate to the infinite horrors of the Abyss.
 35890 | Depths:2 | 35890 ||| Stepping ~*~*~tactically~*~*~ (outnumbered).
 35894 | Depths:2 | 35894 ||| INVOKING Heroism.
 35901 | Depths:2 | Reached skill level 18 in Dodging
 35918 | Depths:2 | Killed Louise
 35998 | Depths:2 | Identified the +11 hand axe of Vinefuop {venom, Fragile rN+
                  | Int+3 Dex+2}
 36167 | Depths:2 | Found a one-way gate leading to the halls of Pandemonium.
 36725 | Depths:2 | 36725 ||| Stepping ~*~*~tactically~*~*~ (outnumbered).
 36727 | Depths:2 | 36727 ||| Stepping ~*~*~tactically~*~*~ (outnumbered).
 36729 | Depths:2 | 36729 ||| Stepping ~*~*~tactically~*~*~ (outnumbered).
 36730 | Depths:2 | 36730 ||| INVOKING Heroism.
 36731 | Depths:2 | 36731 ||| INVOKING Finesse.
 36788 | Depths:2 | Identified the +5 ring mail of Elyvilon's Hatred {rElec rC-
                  | Str+2}
 37048 | Depths:2 | 37048 ||| DROPPING +5 ring mail of Elyvilon's Hatred {rElec
                  | rC- Str+2}.
 37173 | Depths:3 | 37173 ||| Stepping ~*~*~tactically~*~*~ (outnumbered).
 37177 | Depths:3 | 37177 ||| INVOKING Heroism.
 37196 | Depths:3 | HP: 41/164 [deep elf high priest/divine providence (15)]
 37197 | Depths:3 | 37197 ||| READING 12 scrolls of teleportation.
 37198 | Depths:3 | 37198 ||| DRINKING potion of heal wounds.
 37211 | Depths:3 | 37211 ||| INVOKING Finesse.
 37216 | Depths:3 | HP: 40/165 [spriggan berserker/+0 antimagic quarterstaff
                  | (8)]
 37217 | Depths:3 | 37217 ||| READING 11 scrolls of teleportation.
 37228 | Depths:3 | Identified the +8 trident of Symmetry {flame, Str+4 Int-2
                  | Dex+6}
 37232 | Depths:3 | Noticed a golden dragon
 37285 | Depths:3 | 37285 ||| INVOKING Heroism.
 37334 | Depths:3 | Reached skill level 26 in Fighting
 37339 | Depths:3 | 37339 ||| INVOKING Finesse.
 37346 | Depths:3 | HP: 40/166 [polar bear[a spriggan berserker] (6)]
 37347 | Depths:3 | 37347 ||| READING 10 scrolls of teleportation.
 37347 | Depths:3 | HP: 17/166 [quicksilver dragon (11)]
 37352 | Depths:3 | Demolished by a reaper

Levels and vault maps discovered:
D:1:      spicycebolla_arrival_ecumenical, layout_basic, st_stairs_2
D:2:      layout_basic, minmay_tetromino_t4, uniq_natasha, uniq_jessica
D:3:      layout_loops_ring, uniq_crazy_yiuf_cottage, uniq_grinder
D:4:      minmay_recursive_quarters, layout_rooms, serial_rivers,
          chequers_serial_rivers_room_a, chequers_serial_rivers_small_b,
          chequers_serial_rivers_large_a, chequers_serial_rivers_small_3,
          chequers_serial_rivers_micro_c, minmay_misc_feat_secret_circle,
          uniq_edmund, uniq_blork_the_orc, uniq_ijyb
D:5:      layout_cave_pods
D:6:      layout_gridville, minmay_temple_entry_statues_fountains,
          minmay_divided_ellipse, uniq_pikel
D:7:      layout_cave_pools, serial_shops, shop, st_stairs_7
D:8:      layout_gridville, enter_bailey_5, grunt_ministairs_10,
          minmay_ruined_shrine
D:9:      layout_stronghold, uniq_joseph
D:10:     layout_roguey, grunt_temple_overflow_open, marbit_many_paths,
          david_lair_shrubbed, erik_orc_3, grunt_tough_drop
D:11:     layout_roguey [special_room_orc], uniq_maurice, uniq_harold,
          uniq_erolcha
D:12:     minmay_slanted_spiral_squares, layout_rooms, uniq_snorg
D:13:     layout_basic
D:14:     layout_irregular_city, erik_vaults_2, grunt_ogre_cave,
          chei_slow_surprise
D:15:     gammafunk_depths_entry_grave, layout_irregular_city,
          ebering_ghost_funeral_grove, nicolae_ashenzari_panopticon, laboratory
Temple:   hellmonk_temple_divided_pantheon
Lair:1:   gammafunk_boulding_lane, layout_regular_city,
          grunt_forest_small_clearings, uniq_nergalle
Lair:2:   layout_cave_pods, elwin_shoals_entry_stream, beast_lair_carwin_5,
          lemuel_fruit_tree
Lair:3:   layout_big_grid, guppyfry_snake_entry_garden
Lair:4:   statuecave_lemuel, layout_long_grid, grunt_megastairs_5, uniq_rupert
Lair:5:   due_jungle_book, layout_regular_city, minmay_slime_entry_oklob_open,
          serial_bayou_shore_a, uniq_sonja
Shoals:1: layout_shoals
Shoals:2: layout_shoals, nicolae_shoals_spectral_cove, uniq_donald, uniq_frances
Shoals:3: layout_shoals, serial_shops, shop, uniq_nikola
Shoals:4: shoals_end_grunt_garden, layout_shoals, nicolae_shop_gadgets
Snake:1:  layout_basic, nicolae_integral_box, uniq_aizul
Snake:2:  layout_grid_shapes, portal_ice_cave_entry_pillars_1
Snake:3:  gammafunk_sealed_arena, layout_onion_interference, serial_shops,
          nicolae_shop_bloodbath_and_beyond, nrook_loot_triangle,
          grunt_ministairs_5, nicolae_snake_guarding_the_ruins
Snake:4:  johnstein_snake_rune_scales, layout_cave_town, minmay_shop_star
Orc:1:    layout_diamond_mine, basic_altar
Orc:2:    grunt_orc_cross, layout_caves, serial_shops,
          nicolae_shop_getting_attention, uniq_nessos
Vaults:1: gammafunk_ghost_wrathful_warriors, ontoclasm_vaults_decontamination,
          nicolae_vaults_tangram_2, st_diamondy, nicolae_vaults_spaceships,
          nicolae_vaults_layer_cake_slice, nicolae_vaults_surprise_closet,
          nicolae_vaults_double_plus_2, nicolae_vaults_frosty_reception,
          vaults_room_stairs_pillars, nicolae_vaults_apartment_1,
          nicolae_vaults_door_testing_chamber, nicolae_vaults_layer_cake_slice,
          v_misc_18, ontoclasm_vaults_gateway, v_misc_3, layout_vaults_omnibox,
          serial_shops, shop
Vaults:2: st_greater_box_2, hangedman_vaults_cutoff,
          nicolae_vaults_tetromino_T_2, hangedman_vaults_slice,
          vaults_dpeg_hooks, nicolae_vaults_sealed_display,
          layout_vaults_omnigrid
Vaults:3: vaults_dpeg_emergency_exit, minmay_crypt_entry_simple_corners,
          st_lines, v_pattern_2, ontoclasm_vaults_spin, hangedman_vaults_snaps,
          grunt_vaults_hallway_short, layout_vaults_chaotic_city
Vaults:4: hangedman_vaults_cutoff, nicolae_vaults_trapezoid_lopsided_3,
          nicolae_vaults_back_hallway, hangedman_vaults_maws,
          vaults_room_stairs_pillars, nicolae_vaults_angled_halls,
          grunt_vaults_diagonal, vaults_mumra_hexcomb, v_misc_3,
          grunt_vaults_hallway_short, nicolae_vaults_tetromino_Z_2,
          vaults_room_door_ring, layout_vaults_omnicross, uniq_frederick
Depths:1: hellmonk_paralyzer, layout_cave_shapes,
          nicolae_hell_entry_hellmouth_sunbeams, gammafunk_ghost_arena,
          serial_sigils_hangedman_scratch, hex_tiny, st_stairs_1,
          nicolae_elemental_shop, kilobyte_rumbling_trees, uniq_mara
Depths:2: minmay_octagon_keep, layout_basic, enter_ziggurat_b,
          hangedman_geh_valley, nicolae_abyss_entry_one_way_or_another,
          rand_demon_pan_entry_7, kennysheep_big_empty_room, evilmike_butchery,
          minmay_staircase_bubble
Depths:3: grunt_profane_halls [grunt_profane_temple_geh,
          grunt_profane_temple_coc, grunt_profane_temple_dis,
          grunt_profane_temple_tar, grunt_profane_loot], abyss_entry, hell_entry

Skill      XL: |  1  2  3  4  5  6  7  8  9 10 11 12 13 14 15 16 17 18 19 20 21 22 |
---------------+-------------------------------------------------------------------+-----
Ranged Weapons | 3 4 6 8 9 10 13 14 15 17 18 20 | 20.0
Fighting       | 2 3 4 6 7 8 10 11 12 14 16 18 20 21 23 25 26 | 26.0
Armour         | 1 2 3 5 6 7 8 10 11 13 14 | 14.0
Dodging        | 2 3 4 5 7 8 9 11 12 13 14 16 17 18 | 18.0
Invocations    | 4 6 10 | 10.0
Spellcasting   | |  1.0
Hexes          | |  2.6

Action                     |  1- 3 |  4- 6 |  7- 9 | 10-12 | 13-15 | 16-18 | 19-21 | 22-24 || total
---------------------------+-------+-------+-------+-------+-------+-------+-------+-------++-------
   Fire: Sling             |    82 |   114 |   322 |   350 |       |       |       |       ||   868
         Arbalest          |       |       |       |   354 |   185 |       |       |       ||   539
         Longbow           |       |       |       |       |  1028 |  1743 |  1808 |   587 ||  5166
 Invoke: Heroism           |       |       |     4 |    34 |    24 |    41 |    16 |     7 ||   126
         Finesse           |       |       |       |     1 |     5 |     7 |     7 |     5 ||    25
    Use: Scroll            |     6 |     4 |     7 |     8 |     8 |     3 |     3 |     3 ||    42
         Potion            |     1 |       |     2 |     2 |     1 |     1 |     3 |     1 ||    11
 Armour: Robe              |    12 |       |     1 |    22 |       |       |       |       ||    35
         Leather armour    |     4 |    16 |       |       |       |       |       |       ||    20
         Ring mail         |       |    13 |   116 |    33 |       |       |       |       ||   162
         Troll leather arm |       |       |       |   181 |   353 |   258 |   168 |    42 ||  1002
  Dodge: Dodged            |    35 |    30 |   140 |   340 |   613 |   907 |   651 |   278 ||  2994

Table legend:
 A = Non-vault XP
 B = Vault XP
 C = Vault XP percentage of total XP
 D = Non-vault monster count
 E = Vault monster count
 F = Vault count percentage of total count
                 A         B        C        D         E       F
            +---------+---------+-------+---------+---------+-------
      Total |  382356 |  311325 |  44.9 |     981 |     537 |  35.4
            +---------+---------+-------+---------+---------+-------
        D:1 |      28 |       4 |  12.5 |       8 |       2 |  20.0
        D:2 |     144 |      81 |  36.0 |      21 |       4 |  16.0
        D:3 |     301 |     300 |  49.9 |      16 |       1 |   5.9
        D:4 |     180 |     507 |  73.8 |      12 |      14 |  53.8
        D:5 |     706 |       0 |   0.0 |      16 |       0 |   0.0
        D:6 |     699 |    1496 |  68.2 |      14 |      14 |  50.0
        D:7 |    1072 |      87 |   7.5 |      26 |       1 |   3.7
        D:8 |     452 |    1021 |  69.3 |       7 |      13 |  65.0
        D:9 |    1871 |     513 |  21.5 |      16 |       1 |   5.9
       D:10 |    2045 |    3368 |  62.2 |      16 |      23 |  59.0
       D:11 |    2535 |    3750 |  59.7 |      14 |      26 |  65.0
       D:12 |    6789 |    6889 |  50.4 |      40 |      15 |  27.3
       D:13 |   11242 |       0 |   0.0 |      39 |       0 |   0.0
       D:14 |    4494 |    7799 |  63.4 |      11 |       9 |  45.0
       D:15 |   14534 |    9514 |  39.6 |      33 |      21 |  38.9
     Lair:1 |    9016 |    1108 |  10.9 |      37 |       3 |   7.5
     Lair:2 |    4103 |    2135 |  34.2 |      19 |       7 |  26.9
     Lair:3 |    6998 |     332 |   4.5 |      26 |       2 |   7.1
     Lair:4 |    8843 |    2571 |  22.5 |      25 |       5 |  16.7
     Lair:5 |   12136 |   15572 |  56.2 |      38 |      35 |  47.9
   Shoals:1 |   11046 |       0 |   0.0 |      25 |       0 |   0.0
   Shoals:2 |   11781 |   10722 |  47.6 |      23 |      19 |  45.2
   Shoals:3 |    6289 |    2487 |  28.3 |      13 |       1 |   7.1
   Shoals:4 |   18038 |   20302 |  53.0 |      37 |      33 |  47.1
    Snake:1 |   21521 |    1231 |   5.4 |      47 |       1 |   2.1
    Snake:2 |   21835 |       0 |   0.0 |      38 |       0 |   0.0
    Snake:3 |   14735 |    5995 |  28.9 |      29 |      13 |  31.0
    Snake:4 |   22709 |   32993 |  59.2 |      42 |      50 |  54.3
      Orc:1 |    6469 |       0 |   0.0 |      54 |       0 |   0.0
      Orc:2 |    2918 |    9105 |  75.7 |      27 |      40 |  59.7
   Vaults:1 |   22626 |   23255 |  50.7 |      34 |      25 |  42.4
   Vaults:2 |   11166 |   39271 |  77.9 |      15 |      42 |  73.7
   Vaults:3 |   20092 |   21037 |  51.1 |      28 |      26 |  48.1
   Vaults:4 |   44476 |   13662 |  23.5 |      65 |      16 |  19.8
   Depths:1 |   31811 |   36142 |  53.2 |      40 |      34 |  45.9
   Depths:2 |   25429 |   11870 |  31.8 |      28 |      13 |  31.7
   Depths:3 |    1227 |   26206 |  95.5 |       2 |      28 |  93.3
            +---------+---------+-------+---------+---------+-------
